Map: Oxide LE

Players

pezzaperry (Pezz)

  • Race: Protoss Protoss
  • League: Grandmaster
  • Spawn Location: 7:00

RazerBlader - Winner!

  • Race: Terran Terran
  • League: Master
  • Spawn Location: 1:00

Event: DreamHack SC2 Masters 2020 Winter

VOD

Have the link to the VOD?

Description

Time

  • Played on: Oct. 10, 2020, 9:28 p.m.
  • Length: 8:18

All games in this series

Show
View Real Time Build Order
Export as new Build Order

pezzaperry Protoss 

Build Orders: 1 Gate Expand 

Get SALT Encoding   

  12  0:00  Probe  
  13  0:12  Probe  
  14  0:16  Pylon  
  14  0:24  Probe  
  15  0:35  Gateway  
  15  0:36  Probe (Chrono Boost)  
  16  0:46  Assimilator, Probe (Chrono Boost)  
  17  0:51  Probe (Chrono Boost)  
  18  1:03  Probe  
  19  1:15  Probe  
  20  1:22  Cybernetics Core  
  20  1:32  Nexus  
  20  1:39  Pylon  
  20  1:42  Probe  
  21  1:50  Assimilator  
  21  1:54  Probe  
  21  1:55  Adept (Chrono Boost)  
  24  2:04  Shield Battery  
  24  2:07  Probe  
  24  2:10  Warp Gate  
  24  2:19  Stalker (Chrono Boost), Probe  
  27  2:31  Probe  
  28  2:42  Twilight Council  
  28  2:43  Probe  
  29  2:47  Probe  
  30  2:55  Probe  
  31  2:59  Probe  
  31  3:00  Robotics Facility  
  32  3:07  Probe  
  32  3:11  Probe  
  34  3:15  Gateway  
  34  3:18  Charge (Chrono Boost)  
  34  3:28  Gateway  
  34  3:36  Gateway  
  34  3:41  Probe  
  35  3:48  Warp Prism (Chrono Boost)  
  35  3:53  Gateway  
  37  3:59  Gateway  
  37  4:01  Probe  
  38  4:03  Probe  
  39  4:10  Stalker  
  39  4:14  Pylon  
  41  4:18  Probe  
  42  4:29  Probe  
  42  4:30  Probe  
  44  4:32  Pylon  
  44  4:38  Zealot x4  
  52  4:42  Observer  
  53  4:58  Pylon  
  53  5:08  Zealot x4  
  59  5:15  Pylon  
  58  5:28  Zealot x3  
  62  5:29  Zealot x3  
  48  5:44  Probe  
  48  5:45  Probe  
  46  5:55  Zealot x3  
  46  5:56  Zealot x3  
  56  6:02  Pylon  
  52  6:06  Probe x2  
  52  6:10  Observer, Templar Archives  
  52  6:12  Nexus  
  52  6:19  Probe x2  
  52  6:21  Forge  
  52  6:23  Assimilator  
  54  6:44  Probe x2  
  54  6:45  Immortal  
  60  6:54  Sentry  
  60  6:55  Zealot x5  
  68  7:07  Observer  
  67  7:13  Pylon  
  65  7:17  High Templar  
  65  7:18  Zealot x5  
  75  7:29  Warp Prism (Chrono Boost)  
  75  7:32  Nexus  
  75  7:36  Pylon  
  77  7:40  High Templar  
  77  7:41  Zealot x2  
  79  7:55  Zealot x2  
  79  7:56  Zealot  
  59  8:03  Zealot x2  
Show
View Real Time Build Order
Export as new Build Order

RazerBlader Terran - Winner!

Build Orders: Reaper Expand 

Get SALT Encoding   

  12  0:00  SCV  
  13  0:12  SCV  
  14  0:17  Supply Depot  
  14  0:25  SCV  
  15  0:38  SCV  
  15  0:40  Barracks  
  16  0:44  Refinery  
  16  0:50  SCV  
  17  1:03  SCV  
  18  1:15  SCV  
  19  1:28  Orbital Command, Reaper  
  20  1:47  Command Center  
  20  1:53  SCV  
  21  1:57  Supply Depot  
  21  2:00  Marine  
  22  2:05  SCV  
  23  2:13  Factory  
  23  2:18  Bunker, SCV  
  24  2:23  Barracks Reactor  
  24  2:28  Refinery  
  24  2:30  SCV  
  25  2:43  SCV  
  26  2:55  SCV  
  26  2:57  Hellion  
  26  2:58  Starport  
  29  3:01  Marine x2, Supply Depot  
  30  3:16  SCV  
  30  3:17  Orbital Command  
  31  3:20  Factory Tech Lab  
  31  3:21  Marine x2  
  33  3:30  SCV  
  34  3:39  Marine x2  
  36  3:42  SCV  
  36  3:45  SCV  
  38  3:48  Barracks  
  38  3:52  Raven  
  38  3:53  Factory Tech Lab  
  38  3:55  SCV  
  41  3:56  Supply Depot  
  41  3:57  SCV  
  41  3:59  Marine  
  41  4:01  Marine  
  44  4:07  SCV  
  45  4:13  Siege Tank  
  45  4:16  SCV, Barracks  
  49  4:19  Marine  
  49  4:20  Marine  
  51  4:26  SCV  
  51  4:27  Supply Depot  
  52  4:35  SCV, Engineering Bay  
  53  4:39  Refinery  
  53  4:42  SCV  
  54  4:46  Marauder, Stimpack  
  54  4:49  Marine x2  
  56  4:53  Siege Tank  
  56  4:59  SCV x2  
  61  5:00  Supply Depot  
  61  5:06  Marine  
  62  5:13  SCV x2  
  63  5:17  Marine x2  
  63  5:18  Marauder  
  64  5:25  Siege Tank  
  64  5:26  Marine  
  67  5:35  Marine x2  
  54  5:39  Marauder  
  47  5:44  Marine  
  47  5:52  Terran Infantry Weapons Level 1  
  47  5:53  Marine x2  
  49  6:01  Marine  
  49  6:04  Marine  
  47  6:11  Medivac, Marine x2  
  49  6:17  SCV x2  
  53  6:19  Marine  
  53  6:21  Marine  
  55  6:29  Marine  
  55  6:32  Marine  
  57  6:37  Marine  
  57  6:39  Marine  
  58  6:41  Combat Shield  
  58  6:47  Marine  
  58  6:50  Marine  
  58  6:55  Marine  
  58  6:57  Marine  
  57  7:05  Marine, SCV  
  57  7:06  Medivac  
  57  7:08  Marine  
  60  7:13  Marine, SCV  
  60  7:15  Marine  
  60  7:22  Marine  
  60  7:25  Marine  
  60  7:28  SCV x2  
  64  7:34  Marine  
  65  7:40  Marine x2  
  47  7:59  Marine  
Tags
 
Add a new tag
Caveats
  • Supply blocks, unpowered buildings, or Contaminate may cause inaccurate times.
  • Supply counts are checked every 10 seconds.